 Dungeon Crawl Stone Soup version 0.27.1-36-g1b1ada6b1e (webtiles) character file.

Game seed: 15837962829466600616

14 Froggeryz the Cutter (level 2, -1/21 HPs)
             Began as an Octopode Berserker on Jan 24, 2023.
             Was a Follower of Trog.
             Slain by a kobold (5 damage)
             ... on level 1 of the Dungeon.
             The game lasted 00:00:17 (140 turns).

Froggeryz the Cutter (Octopode Berserker)            Turns: 140, Time: 00:00:17

Health: -1/21      AC:  1    Str: 16    XL:     2   Next: 45%
Magic:  2/2        EV: 13    Int:  9    God:    Trog [*.....]
Gold:   12         SH:  0    Dex: 11    Spells: 1/1 levels left

rFire    . . .     SeeInvis .   a - +0 short sword
rCold    . . .     Faith    .   (no shield)
rNeg     . . .     Spirit   .   (helmet restricted)
rPois    .         Reflect  .   (no amulet)
rElec    .         Harm     .   (no ring)
rCorr    .         Rampage  .   (no ring)
Will     .....                  (no ring)
Stlth    +++.......             (no ring)
HPRegen  0.07/turn              (no ring)
MPRegen  0.08/turn              (no ring)
                                (no ring)
                                (no ring)

@: no status effects
A: almost no armour, amphibious, 8 rings, camouflage 1, gelatinous body 1,
(nimble swimmer 1), tentacles
a: Renounce Religion, Berserk


You were on level 1 of the Dungeon.
You worshipped Trog.
Trog was aware of your devotion.
You visited 1 branch of the dungeon, and saw 1 of its levels.

You collected 12 gold pieces.

Inventory:

Hand Weapons
 a - a +0 short sword (weapon)
Scrolls
 b - a scroll of identify {unknown}
Potions
 c - a potion of heal wounds {unknown}


   Skills:
 + Level 3.2 Fighting
 * Level 3.4 Short Blades
 - Level 3.0 Dodging
 + Level 1.3 Stealth


You had one spell level left.
You didn't know any spells.
Your spell library was empty.

Dungeon Overview and Level Annotations

Branches:
Dungeon (1/15)

Altars:


Innate Abilities, Weirdness & Mutations

You cannot wear most types of armour.
You are amphibious.
You can wear up to eight rings at the same time.
Your skin changes colour to match your surroundings (Stealth+).
Your rubbery body absorbs attacks. (AC +1, EV +1)
((You are camouflaged near water. (Stealth+)))
You have tentacles for arms and can constrict up to eight enemies at once.


Message History

No target in view!
A dart slug is nearby!
A dart slug is nearby!
A dart slug is nearby!
The dart slug launches a dart at you. The slug dart hits you.
There is a faded altar of an unknown god here.
Found a peridot ring.
A kobold comes into view. It is wielding a +0 whip.
The dart slug misses you.
The kobold shouts!
You hit the dart slug. You grab the dart slug. You squeeze the dart slug!
You kill the dart slug!
Trog accepts your kill. The bat barely misses you.
You see here a dart slug corpse.
You miss the bat. Your grab misses the bat. Your squeeze misses the bat.
The bat barely misses you. The bat hits you.
The kobold hits you with a +0 whip. The bat barely misses you.
You are too injured to fight recklessly!
You are too injured to fight recklessly!
You are too injured to fight recklessly!
You are too injured to fight recklessly!
You are too injured to fight recklessly!
There are monsters nearby!
There are monsters nearby!
Unknown command.
You are too injured to fight recklessly!
You are too injured to fight recklessly!
You barely miss the kobold. You grab the kobold.
You constrict the kobold, but do no damage.
The bat misses you. The kobold hits you with a +0 whip.
* * * LOW HITPOINT WARNING * * *
You hit the kobold.
The kobold is moderately wounded.
You constrict the kobold. The bat hits you.
* * * LOW HITPOINT WARNING * * *
The kobold hits you with a +0 whip.
You die...

. ... .# .### .###....
..####...##.#.. ..
....#.........##.#
......##...##....
#.....#...?.... .#
#.....#.##.##†# .#
##.......#...#.## .##
......K@†.._...)##..##.
.......#b#...#).#......
.........##.##.)..##
......##........)..#
#.# ......
####..†.....#...#
...=.. ##.......##..
##... #.......##.. ####
##.##...##.#
##..###.##.#


You could see a bat and a kobold.

Vanquished Creatures
  A dart slug (D:1)
  A bat (D:1)
  2 endoplasms (D:1)
  A giant cockroach (D:1)
  2 goblins (D:1)
  A kobold (D:1)
  3 rats (D:1)
11 creatures vanquished.

Notes
Turn   | Place    | Note
-------+----------+-------------------------------------------
     0 | D:1      | Froggeryz the Octopode Berserker began the quest for the
                  | Orb.
     0 | D:1      | Reached XP level 1. HP: 16/16 MP: 1/1
    81 | D:1      | Found a faded altar of an unknown god.
    92 | D:1      | Reached skill level 1 in Stealth
    92 | D:1      | Reached XP level 2. HP: 17/21 MP: 2/2
   140 | D:1      | Slain by a kobold

Illustrated notes

Levels and vault maps discovered:
D:1:      elethiomel_arrival_infinity_welcomes_careful_drivers, layout_rooms,
          serial_shops, shop, ebering_ecumenical_altar_box

Skill      XL: |  1 |
---------------+----+-----
Stealth        | 1 |  1.3
Fighting       | |  3.2
Short Blades   | |  3.4
Dodging        | |  3.0

Action                   || total
-------------------------++-------
Melee: Short sword       ||    27
       Constrict         ||     6
       Tentacles         ||     4
 Stab: Sleeping          ||     1
Armor: Skin              ||     1
Dodge: Dodged            ||    12
